Cogmind - Beta 15 @@@ ROGUE MODE // 2025.09.14 @ 23:58:19 Player: Runagate Result: Self-destructed Performance ------------- Evolutions (1) 500 Regions Visited (2) 400 Robots Destroyed (18) 90 Value Destroyed (358) 358 Prototype IDs (0) 0 Alien Tech Used (0) 0 Bonus (7) 7 TOTAL SCORE: 1355 Bonus ------- Follower Combat Kills 7 Cogmind --------- Core Integrity 234/400 Matter 300/300 Energy 250/250 System Corruption 0% Temperature Cool (0) Movement Rolling (90) Location -9/Materials Parts ------- > --- POWER (1) -------- Ion Engine > --- PROPULSION (3) --- Wheel Compact Wheel > --- UTILITY (3) ------ Small Storage Unit Signal Interpreter > --- WEAPON (2) ------- EM Pulse Gun > --- INVENTORY (8) ---- Light Ion Engine Light Ion Engine Wheel Cooling System Medium Matter Pod (100) Seismic Detector Light Armor Plating Grenade Launcher Peak State ------------ > --- POWER ------------ Light Ion Engine > --- PROPULSION ------- Wheel Wheel Compact Wheel > --- UTILITY ---------- Small Storage Unit Sensor Array Signal Interpreter > --- WEAPON ----------- EM Pulse Gun Light Assault Rifle > --- INVENTORY -------- Light Ion Engine Medium Matter Pod Seismic Detector EM Pulse Gun Grenade Launcher [Rating: 9] Favorites ----------- Power Light Ion Engine Engine Light Ion Engine Propulsion Wheel Wheel Wheel Utility Small Storage Unit Device Seismic Detector Storage Small Storage Unit Processor Signal Interpreter Weapon EM Pulse Gun Energy Gun EM Pulse Gun Ballistic Gun Light Assault Rifle Launcher Grenade Launcher Build | -11 -10 -9 ------- Run | Yrd Mat Mat Slots Evolved 2 | . . 2 Power . | . . . Propulsion 1 | . . 1 Utility 1 | . . 1 Weapon . | . . . Parts Attached 16 | 10 2 4 Power 2 | 1 . 1 Engine 2 | 1 . 1 Core . | . . . Reactor . | . . . Propulsion 5 | 3 . 2 Treads . | . . . Leg . | . . . Wheel 5 | 3 . 2 Hover . | . . . Flight . | . . . Utility 5 | 3 1 1 Device 3 | 2 1 . Storage 1 | 1 . . Processor 1 | . . 1 Hackware . | . . . Protection . | . . . Artifact . | . . . Weapon 4 | 3 1 . Energy Gun 2 | 2 . . Energy Cannon . | . . . Ballistic Gun 1 | 1 . . Ballistic Cannon . | . . . Launcher 1 | . 1 . Special Weapon . | . . . Impact Weapon . | . . . Slashing Weapon . | . . . Piercing Weapon . | . . . Special Melee Weapon . | . . . Unidentified Prototypes . | . . . Parts Lost 4 | . . 4 Power . | . . . Propulsion 1 | . . 1 Utility 1 | . . 1 Weapon 2 | . . 2 Highest Loss Streak 2 | . . 2 To Critical Strikes . | . . . Average Backups 6 | 2 7 6 Power 1 | . 1 1 Propulsion . | . 1 . Utility 2 | . 3 2 Weapon 1 | . 1 1 Tool/Special . | . . . Unused Backups 4 | . . 4 Power 1 | . . 1 Propulsion . | . . . Utility 3 | . . 3 Weapon . | . . . Tool/Special . | . . . Average Slot Usage (%) 96 | . 100 93 Engine 12 | . 14 11 Wheel 29 | . 28 30 Device 11 | . 14 9 Storage 12 | . 14 11 Processor 5 | . . 11 Energy Gun 12 | . 13 10 Ballistic Gun 11 | . 14 9 Peak Build Rating 9 | 7 7 9 Average Rating 7 | 5 7 8 On Entrance 4 | . 7 7 Naked Turns . | . . . Heaviest Build 14 | 12 13 14 Greatest Support 42 | 26 20 42 Greatest Overweight (x) . | . . . Average Overweight (x) . | . . . Largest Inventory Capacity 8 | 8 8 8 Average Capacity 7 | 7 8 8 Most Carried 8 | 4 8 8 Average Carried 6 | 2 7 6 Final Capacity 8 | 8 8 8 Final Carried 8 | 4 8 8 Class Distribution -------------------- 100% | Mutant Dominant Class ---------------- Mutant | -10/Materials Mutant | -9/Materials Resources | -11 -10 -9 ----------- Run | Yrd Mat Mat Matter Collected 550 | 269 . 281 Remotely . | . . . Salvage Created 690 | 135 . 555 Parts 48 | 6 . 42 Haulers Intercepted . | . . . Recyclers Shooed . | . . . Parts Field Recycled . | . . . Retrieved Matter . | . . . Parts Self-Destructed . | . . . Prevented . | . . . Kills | -11 -10 -9 ------- Run | Yrd Mat Mat Combat Hostiles Destroyed 9 | . . 9 Guns 9 | . . 9 Classes Destroyed 8 | 2 . 6 Worker 1 | . . 1 Builder 1 | . . 1 Tunneler 3 | 3 . . Recycler 2 | 1 . 1 Watcher 2 | . . 2 Swarmer 3 | . . 3 Grunt 3 | . . 3 Sentry 3 | . . 3 Best Kill Streak 5 | 2 . 5 Combat Bots Only 3 | . . 3 Max Kills in Single Turn 1 | 1 . 1 Gunslinging . | . . . Exploded . | . . . Melee . | . . . Uniques/NPCs Destroyed . | . . . Combat | -11 -10 -9 -------- Run | Yrd Mat Mat Hostile Shots Fired 57 | . . 57 Missed 12 | . . 12 Hits 45 | . . 45 Projectile 45 | . . 45 Critical Strikes 2 | . . 2 Damage Taken 600 | . . 600 Core 166 | . . 166 Absorbed by Shields . | . . . Regen/Repaired (Parts) 13 | . . 13 Core Remaining (%) 100 | 100 100 . Volleys Fired 71 | 17 4 50 Largest 2 | 2 2 2 Hottest 60 | 60 60 60 Shots Fired 123 | 34 8 81 Gun 122 | 34 7 81 Cannon . | . . . Launcher 1 | . 1 . Special . | . . . Kinetic 55 | 17 4 34 Thermal . | . . . Explosive 1 | . 1 . Electromagnetic 67 | 17 3 47 Robot Hit Streak 12 | 8 7 12 Robot Miss Streak 4 | 3 1 4 Penetration Max . | . . . Secondary Targets 2 | . . 2 Max Gunslinging Chain 1 | . . 1 Shots Hit Robots 85 | 23 5 57 Core Hits 31 | 8 . 23 Critical Kills . | . . . Critical Parts Destroyed . | . . . Critical Strikes 2 | 1 . 1 Corrupt 2 | 1 . 1 Melee Attacks . | . . . Impact . | . . . Slashing . | . . . Piercing . | . . . Sneak Attacks . | . . . Combat Hostiles . | . . . Follow-up Attacks . | . . . Damage Inflicted 958 | 295 56 607 Guns 900 | 237 56 607 Cannons . | . . . Explosions 58 | 58 . . Melee . | . . . Ramming . | . . . Kinetic 272 | 92 20 160 Thermal 58 | 58 . . Explosive . | . . . Electromagnetic 628 | 145 36 447 Impact . | . . . Slashing . | . . . Piercing . | . . . Highest Corruption . | . . . Average Corruption . | . . . Corruption Purged . | . . . Corruption Blocked . | . . . Overload Shots . | . . . Overflow Damage . | . . . Projectiles . | . . . Explosions . | . . . Melee . | . . . Knockbacks . | . . . Impact . | . . . Kinetic . | . . . Secondary . | . . . Self-Inflicted Damage . | . . . Shots . | . . . Rammed . | . . . Targets Rammed . | . . . Kicked . | . . . Crushed . | . . . Highest Temperature 64 | 40 20 64 Average Temperature 23 | 18 13 26 Received Heat Transfer 219 | . . 219 Siege Activations . | . . . Martial Activations . | . . . Shielding Activations . | . . . Robots Disrupted 1 | . . 1 Combat Hostiles 1 | . . 1 Robots Corrupted . | . . . Combat Hostiles . | . . . Parts Fried 1 | . . 1 Impact Corruptions . | . . . Robots Melted . | . . . Combat Hostiles . | . . . Parts Melted . | . . . Heat Transferred 100 | 100 . . Parts Sabotaged . | . . . Parts Stolen . | . . . Parts Stripped . | . . . Power Chain Reactions 2 | 2 . . Alert | -11 -10 -9 ------- Run | Yrd Mat Mat Maximum Alert Level . | . . . Low Security (%) 100 | 100 100 100 Level 1 . | . . . Level 2 . | . . . Level 3 . | . . . Level 4 . | . . . Level 5 . | . . . High Security . | . . . Max Security . | . . . Peak Influence 102 | 5 23 102 Initial 3 | . 3 . Average 16 | . 1 42 Influence Increases 355 | 20 23 312 Destroy 0b10 Robot/C 200 | . . 200 Destroy 0b10 Robot/NC 45 | 20 . 25 Destroy Leader 54 | . . 54 Allied During Kill 3 | . . 3 Disable Machine 30 | . 15 15 Destroy Structure 8 | . 8 . Partial Spotted 15 | . . 15 Influence Decreases 253 | 15 28 210 Entered New Map 2 | . 2 . Time Decay 191 | 15 26 150 Lost Part 40 | . . 40 Lost Ally 20 | . . 20 Squads Dispatched 2 | . 1 1 Investigation 1 | . . 1 Extermination . | . . . Reinforcement 1 | . 1 . Assault . | . . . Garrison . | . . . Intercept . | . . . Searches Triggered . | . . . Construction Impeded . | . . . Haulers Reinforced . | . . . Active Scanning Responses . | . . . Cargo Convoy Interrupts . | . . . Stealth | -11 -10 -9 --------- Run | Yrd Mat Mat Distress Signals 2 | . . 2 Communications Jammed . | . . . Distress Signals . | . . . Times Spotted 19 | . 3 16 Peak Tracking Total 6 | . 2 6 Tactical Retreats . | . . . Traps | -11 -10 -9 ------- Run | Yrd Mat Mat Traps Triggered . | . . . Indirectly . | . . . Trap Hack Attempts . | . . . Triggered . | . . . Disarmed . | . . . Reprogrammed . | . . . Reused . | . . . Traps Extracted . | . . . Installed . | . . . Triggered . | . . . Machines | -11 -10 -9 ---------- Run | Yrd Mat Mat Machines Disabled 2 | . 1 1 Max in Single Turn 1 | . 1 1 Machines Repaired . | . . . Machines Dismantled . | . . . Machines Sabotaged . | . . . Overloaded Fab Kills . | . . . Hacking | -11 -10 -9 --------- Run | Yrd Mat Mat Machines Accessed 1 | . . 1 Terminals . | . . . Fabricators . | . . . Repair Stations 1 | . . 1 Recycling Units . | . . . Scanalyzers . | . . . Garrison Access . | . . . Total Hacks 4 | . . 4 Successful 2 | . . 2 Failed 2 | . . 2 Catastrophic . | . . . Database Lockouts . | . . . Manual . | . . . Terminals . | . . . Fabricators . | . . . Repair Stations 4 | . . 4 Recycling Units . | . . . Scanalyzers . | . . . Garrison Access . | . . . Terminal Hacks . | . . . Fabricator Hacks . | . . . Repair Station Hacks 2 | . . 2 Scan Component 1 | . . 1 Repair 1 | . . 1 Recycling Unit Hacks . | . . . Scanalyzer . | . . . Garrison Access Hacks . | . . . Unauthorized Hacks . | . . . Terminals . | . . . Fabricators . | . . . Repair Stations . | . . . Recycling Units . | . . . Scanalyzers . | . . . Garrison Access . | . . . Data Cores Recovered . | . . . Used . | . . . Hacking Detections 1 | . . 1 Full Trace Events 1 | . . 1 Feedback Events . | . . . Feedback Blocked . | . . . Robot Schematics Acquired . | . . . Robots Built . | . . . Authchips . | . . . Time . | . . . Total Robot Build Rating . | . . . Part Schematics Acquired . | . . . Parts Built . | . . . Authchips . | . . . Time . | . . . Total Part Build Rating . | . . . Parts Repaired 1 | . . 1 Time 26 | . . 26 Parts Recycled . | . . . Recycled Matter . | . . . Retrieved Matter . | . . . Retrieved Components . | . . . Parts Scanalyzed . | . . . Part Schematics Acquired . | . . . Parts Damaged . | . . . Bothacking | -11 -10 -9 ------------ Run | Yrd Mat Mat Used RIF Installer . | . . . Robots Hacked . | . . . Non-combat . | . . . Combat . | . . . Robot Hacks Applied . | . . . Relay Couplers Released . | . . . Fabnet Peak Effective % . | . . . Robots Rewired 1 | . . 1 Allies Hacked . | . . . Hacks Repelled . | . . . Allies | -11 -10 -9 -------- Run | Yrd Mat Mat Total Allies 1 | . . 1 Largest Group 1 | . . 1 Highest-Rated Group 16 | . . 16 Highest-Rated Ally 16 | . . 16 Total Orders . | . . . Ally Attacks 1 | . . 1 Total Damage 14 | . . 14 Kills 1 | . . 1 Allies Corrupted . | . . . Allies Melted . | . . . Intel | -11 -10 -9 ------- Run | Yrd Mat Mat Active Infowar (turns) 758 | 47 414 297 Sensors 327 | . 30 297 Seismic 431 | 47 384 . Robot Analysis Total . | . . . Derelict Logs Recovered . | . . . Drone Launches . | . . . Drone Recoveries . | . . . Exploration | -11 -10 -9 ------------- Run | Yrd Mat Mat Turns Passed 947 | 174 414 359 Spaces Moved 506 | 100 207 199 Core 1 | 1 . . Treads . | . . . Legs . | . . . Wheels 505 | 99 207 199 Hover . | . . . Flight . | . . . Fastest Speed 50 | 50 80 80 Average Speed 84 | 84 80 88 Slowest Speed 93 | 90 80 93 Overloaded Moves . | . . . Propulsion Burnouts . | . . . Robots Hopped . | . . . Potential Cave-ins . | . . . Cave-ins Triggered . | . . . Exploration Rate (%) 16 | 6 20 22 Regions Visited 2 Branch Regions . Pre-discovered Areas . | . . . Known Exits Taken . | . . . Unknown Exits Taken 2 | 1 1 . Scrap Searched . | . . . Spaces Dug . | . . . Terrain Destroyed 17 | 9 8 . Melee . | . . . Projectile . | . . . AOE 17 | 9 8 . Terrain Rammed . | . . . Walls Destroyed . | . . . Machines Disabled . | . . . Actions | -11 -10 -9 --------- Run | Yrd Mat Mat Total 906 | 153 446 307 Wait 299 | 24 229 46 Move 504 | 99 206 199 Hop . | . . . Pick Up 9 | 3 4 2 Fast Attach 8 | 7 . 1 Attach 3 | . . 3 Detach . | . . . Swap 9 | 3 3 3 Drop 2 | . . 2 Fire 71 | 17 4 50 Melee . | . . . Ram . | . . . Kick . | . . . Crush . | . . . Escape Stasis . | . . . Rewire 1 | . . 1 Trap . | . . . Miscellaneous . | . . . Route ------- -11/Scrapyard -10/Materials -9/Materials (discovered 1 exit: [*Min]) History --------- Turn | Location | Event 28 | -11/Scrapyard | Discovered new exit (range 16) 175 | -11/Scrapyard | Entered Materials 307 | -10/Materials | Build established: Mutant 553 | -10/Materials | Discovered new exit (range 4) 589 | -10/Materials | Entered another Materials area 589 | -9/Materials | Evolved 2 slots: Propulsion x1, Utility x1 677 | -9/Materials | Repaired Wheel 926 | -9/Materials | Discovered new exit (range 15) 948 | -9/Materials | Self-destructed Last Messages --------------- Engine. 00923_ R-06 Scavenger collects Sml. Matter Pod. 00924_ K-01 Serf collects debris. 00926_ R-06 Scavenger collects Wheel. 00926_ EXIT=FOUND 00926_ R-06 Scavenger collects Lgt. Ion Engine. 00928_ S-10 Pest destroyed. 00929_ K-01 Serf cleans the Integration Channel. 00930_ K-01 Serf collects debris. 00932_ K-01 Serf cleans the Integration Channel. 00936_ S-10 Pest destroyed. 00936_ Trooper 2a destroyed. 00938_ K-01 Serf collects debris. 00938_ W-16 Scout destroyed. 00939_ Com. Wheel destroyed. 00940_ S-10 Pest destroyed. 00941_ K-01 Serf collects debris. 00942_ S-10 Pest destroyed. 00944_ K-01 Serf destroyed. 00947_ R-06 Scavenger collects Wheel. Map ----- +----------------------------------------------------+ | ?????????????????????????????????????????????????? | | ?????????????????????????????????????????????????? | | ?????????????????????????????????????????????????? | | ?????????????????????????????????????????????????? | | ?????????????????????????????????????????????????? | | ?????????????????????????????????????????????????? | | ?????????????????????????????????????????????????? | | ?????????????????????????????????????????????????? | | ?????????????????????????????????????????????????? | | ?????????????????????????????????????????????????? | | ????????????????????????? ?????????????????????? | | ????????????????????????? < ????????????????????? | | ????????????????????????? ????????????????????? | | ????????????????????????? ????????????????????? | | ????????????????????????? ????????????????????? | | ????????????????????????? #??????? ????????????? | | ?####################???? ####### ???????????? | | ## # """ """ #???# ???????????? | | # """ """ #???# ^ ???????????? | | T + """!""" #???# " ???????????? | | # [ != #???# T ???????????? | | ## # =* #???# " #?????????? | | ## ####+##########???# #?????????? | | ## # != #???????# #?????????? | | ## # =% | #?####### ????????????? | | ## + * %* #?# @ """ "???????????????? | | ## # " " ! ### % %r """"""???????????????? | | ## # """" + %= """"??????????????? | | ### # """" ### % r=%! ???????????? | | # #?###r =* u ??????????? | | # #???#u### % ####### #??????????? | | ###########???#/#?# #????????????????????? | | ####+##????????????? ?+ #????????????????????? | | ?? ???????????? ?# #????????????????????? | | # """ ?????????""" ? +????????????????????? | | # """ #????????"""" ?# #????????????????????? | | # """ #????????"""" ??=%#????????????????????? | | # #??????????"" #?%[+????????????????????? | | #""" #??????????" #?[##????????????????????? | | ??R ???????????? #?[#?????????????????????? | | ???" ##???????????###?%#?????????????????????? | | ???? #???????????????????????????????????????? | | ?????#####???????????????????????????????????????? | | ?????????????????????????????????????????????????? | | ?????????????????????????????????????????????????? | | ?????????????????????????????????????????????????? | | ?????????????????????????????????????????????????? | | ?????????????????????????????????????????????????? | | ?????????????????????????????????????????????????? | | ?????????????????????????????????????????????????? | +----------------------------------------------------+ Best States ------------- Heat Dissipation 28 Energy Generation 10 Energy Capacity 250 Matter Stores 300 Matter Capacity 300 Sight Range 16 Robot Scan Range 14 Terrain Scan Density 10 Evasion (%) 44 Item Schematics ----------------- None Robot Schematics ------------------ None Fabricated ------------ Nothing Repaired ---------- Wheel | 67% | -9/Materials Alien Tech Used ----------------- None Achievements -------------- None Challenges ------------ None Game ------ Seed GuidedXenonEdition Manual? 0 Play Time 00:10:15 Cumulative 65.7 hours Start 2025.09.14 @ 23:50:37 End 2025.09.14 @ 23:58:19 Sessions 1 Manual Loads 0 Difficulty Rogue Special Mode None Game No. 134 Rogue 132 Adventurer 0 Explorer 2 Win Type - Total 0 Types 0/0/0/0/0/0/0/0/0/0 Lore% 27 Gallery% 42 Achievement% 39 Wizard Run 0 Options --------- Layout 2 ASCII 0 Keyboard 1 Movement Arrows Keybinds 0 Fullscreen 1 Font 28/SmallcapsGlow Map View 50x49 Zoom Use 0% Tactical HUD 1 Map Filters NONE Filters NONE Steam 1 RUN: 29ef5d0a-6d36-4ed4-a5c4-299bc27c48b6